AoeStats
← Like_2_win2

MegaRandom

510191228Analyzed
2v2 RM · 1d ago on Sep 29, 2026· 58m 18s· 4 players
Game mode
Random Map
Map size
Medium (4 player)
Population
200
Speed
Normal
Resources
Standard
Victory
Conquest
Starting age
Dark Age
Ending age
Imperial Age
RankedLock teamsTeams togetherTeam positionsShared explorationLock speedFull tech treeHidden civsTurbo modeCheats
Victory
Defeat
🇺🇸 Malians · United States
1026
+13
🇮🇹 Jurchens · Italy
625
+21
🇩🇰 Danes · Denmark
802
-15
🇪🇸 Britons · Spain
729
-12
Like_2_win2
5:21 Loom
11:32 Feudal Age
15:08 Wheelbarrow
15:36 Horse Collar
15:47 Double-Bit Axe
24:23 Castle Age
23:33 Stone Mining
24:51 Gold Mining
27:09 Heavy Plow
28:02 Bow Saw
28:12 Hand Cart
28:51 Town Watch
29:48 Gold Shaft Mining
41:28 Imperial Age
40:46 Forging
40:03 Hamask
42:02 Gambesons
43:44 Scale Mail Armor
45:06 Iron Casting
Alquimista_Latino
5:22 Loom
12:23 Feudal Age
17:37 Wheelbarrow
21:53 Castle Age
20:50 Horse Collar
26:36 Fletching
28:29 Pikeman
29:09 Squires
29:26 Forging
32:31 Double-Bit Axe
34:33 Iron Casting
34:04 Scale Barding Armor
34:12 Heavy Plow
34:55 Medium Warships
39:10 Scale Mail Armor
39:09 Bodkin Arrow
40:16 Ballistics
40:07 Masonry
40:16 Chain Mail Armor
40:53 Hand Cart
46:19 Imperial Age
47:01 Yeomen
46:42 Padded Archer Armor
51:23 Bracer
51:39 Leather Archer Armor
52:03 Heavy Warships
51:05 Demolition Ship
sirbone
0:32 Loom
10:00 Feudal Age
11:09 Horse Collar
11:17 Double-Bit Axe
13:26 Forging
18:03 Wheelbarrow
21:35 Castle Age
19:58 Scale Barding Armor
20:16 Gold Mining
20:39 Bloodlines
22:02 Town Watch
22:40 Chain Barding Armor
23:20 Gold Shaft Mining
22:58 Heavy Plow
25:42 Bow Saw
26:54 Husbandry
28:40 Town Patrol
30:21 Hand Cart
30:59 Iron Casting
33:14 Atonement
33:26 Fervor
37:31 Imperial Age
34:59 Light Cavalry
36:34 Ballistics
37:58 Treadmill Crane
37:55 Cavalier
39:11 Plate Barding Armor
39:50 Chemistry
40:13 Fletching
40:36 Masonry
39:49 Elite Skirmisher
42:37 Herbal Medicine
43:26 Farimba
43:48 Conscription
43:14 Crossbowman
44:01 Thumb Ring
43:52 Bodkin Arrow
44:29 Architecture
43:51 Arbalester
44:42 Padded Archer Armor
44:25 Elite Gbeto
46:10 Hoardings
48:10 Leather Archer Armor
50:38 Demolition Ship
51:43 Medium Warships
51:08 Spies/Treason
53:52 Heavy Warships
54:02 Heavy Warships
54:30 Clinker Construction
57:13 Heavy Demolition Ship
ildemo
0:29 Loom
14:31 Feudal Age
14:38 Feudal Age
16:45 Wheelbarrow
16:06 Double-Bit Axe
16:03 Horse Collar
19:26 Stone Mining
19:27 Gold Mining
23:38 Castle Age
21:25 Town Watch
24:50 Bloodlines
26:57 Hand Cart
33:17 Imperial Age
35:42 Elite Steppe Lancer
36:54 Conscription
36:45 Thunderclap Bombs
37:09 Bow Saw
37:49 Forging
37:40 Padded Archer Armor
37:35 Fletching
38:08 Husbandry
38:51 Fortified Bastions
40:11 Chemistry
39:33 Ballistics
40:53 Heavy Rocket Cart
42:59 Gold Shaft Mining
43:00 Stone Shaft Mining
44:02 Heavy Plow
44:01 Elite Iron Pagoda
46:02 Guilds
45:53 Caravan
49:16 Two-Man Saw
48:19 Town Patrol
51:08 Spies/Treason
53:33 Medium Warships
53:04 Fishing Lines
54:43 Heavy Warships
53:40 Demolition Ship
Connection lost

Rejoining the realm…

Still unreachable

The connection could not be restored.

Session expired

The server has moved on; the page needs a fresh start.